 Dungeon Crawl Stone Soup version 0.17-a0-1497-g03599f7 (webtiles) character file.

1075 urechis the Grappler (level 8, -1/74 HPs)
             Began as a Troll Monk on July 6, 2015.
             Was an Initiate of Ru.
             Slain by Oddysee's ghost (5 damage)
             ... on level 6 of the Dungeon.
             The game lasted 00:09:51 (4229 turns).

urechis the Grappler (Troll Monk)                   Turns: 4229, Time: 00:09:51

Health: -1/74      AC:  9    Str: 22    XL:     8   Next: 8%
Magic:  7/7        EV: 13    Int:  5    God:    Ru [......]
Gold:   217        SH:  0    Dex: 12    Spells: 0 memorised, 7 levels left

rFire  + . .     SeeInvis .       - Unarmed
rCold  . . .     Clarity  .     o - +1 animal skin
rNeg   + + +     SustAt   .     (no shield)
rPois  +         Gourm    +     t - +1 hat
rElec  +         Spirit   .     A - +1 cloak of the Realm of Zot {*Drain rPois Int+3}
rCorr  .         Warding  .     (gloves unavailable)
rMut   .         Stasis   .     (boots unavailable)
MR     .....                    c - amulet of rage
Stlth  ..........               (no ring)
                                B - ring of Emucwof {rElec rF+ rN+++ EV+3 Int-4}

@: not resistant to hostile enchantments, extremely unstealthy
A: unfitting armour, claws 3, fast metabolism 3, gourmand, regeneration 2,
shaggy fur 1, tough skin 2, no stealth
a: Sacrifice Artifice, Sacrifice Drink, Sacrifice Arcana, Reject Sacrifices,
Renounce Religion, Evoke Berserk Rage


You were on level 6 of the Dungeon.
You worshipped Ru.
Ru was noncommittal.
You were full.

You visited 1 branch of the dungeon, and saw 6 of its levels.

You collected 217 gold pieces.

Inventory:

Hand weapons
 a - a +0 blowgun
Missiles
 n - 10 poisoned needles
Armour
 o - a +1 animal skin (worn)
 t - a +1 hat (worn)
 A - the +1 cloak of the Realm of Zot (worn) {*Drain rPois Int+3}
   (You found it on level 5 of the Dungeon)

   It affects your intelligence (+3).
   It protects you from poison.
   It causes draining when unequipped.
Jewellery
 c - an amulet of rage (around neck)
 B - the ring of Emucwof (left claw) {rElec rF+ rN+++ EV+3 Int-4}
   (You found it on level 5 of the Dungeon)

   [ring of evasion]

   It affects your evasion (+3).
   It affects your intelligence (-4).
   It protects you from fire.
   It insulates you from electricity.
   It renders you almost immune to negative energy.
Scrolls
 e - 2 scrolls of fog {unknown}
 g - 4 scrolls of identify {unknown}
 h - 2 scrolls of remove curse {unknown}
 l - a scroll of random uselessness {unknown}
 m - a scroll of recharging {unknown}
 p - 2 scrolls of amnesia {unknown}
 y - a scroll of noise {unknown}
 C - a scroll of magic mapping {unknown}
Potions
 f - a potion of cure mutation {unknown}
 i - 4 potions of heal wounds {unknown}
 j - a potion of flight {unknown}
 k - 2 potions of agility {unknown}
 r - 3 potions of brilliance {unknown}
 s - a potion of resistance {unknown}
 u - a potion of haste {unknown}
 v - a potion of poison {unknown}
 z - 2 potions of curing {unknown}
Comestibles
 b - 5 bread rations
 d - 13 fruits
 q - 2 beef jerkies
 w - a slice of pizza
 x - 3 meat rations


   Skills:
 + Level 2.7 Fighting
 - Level 2.4 Dodging
 + Level 10.1 Unarmed Combat


You had 7 spell levels left.
You didn't know any spells.

Dungeon Overview and Level Annotations

Branches:
Dungeon (6/15)
 Temple: D:4-7

Altars:
Ashenzari
Nemelex Xobeh
Ru

Annotations:
D:6 Oddysee's ghost, experienced NaMo


Innate Abilities, Weirdness & Mutations

You are too large for most types of armour.
You have claws for hands.
Your metabolism is lightning-fast.
You like to eat raw meat.
You heal very quickly.
You are covered in fur (AC +1).
You have very tough skin (AC +2).
You cannot be stealthy.


Message History

You mangle the orc!!
You kill the orc!
The orc completely misses you. The orc closely misses you.
The orc hits you with a falchion.
* * * LOW HITPOINT WARNING * * *
Oddysee's ghost hits you.
* * * LOW HITPOINT WARNING * * *
The orc hits you but does no damage.
Items here: )) [[ † a dagger; a robe; a dagger; a leather armour; an orc corpse You mangle the orc!!
You kill the orc!
The orc hits you with a falchion.
* * * LOW HITPOINT WARNING * * *
The orc hits you with a war axe of chopping.
* * * LOW HITPOINT WARNING * * *
x2 Oddysee's ghost closely misses you.
Ru believes you are ready to make a new sacrifice.
Oddysee's ghost hits you.
You die...

#..(....#
#..(....#
#.......#
#..†(...#
#.......## ##
#........####...
#.....)>).......
#......oW.......
#..####o@.......
#### ##........
#........
#........
##.......
..(.... .......
#......


You could see Oddysee's ghost and 2 orcs.

Vanquished Creatures
  Sigmund (D:3)
  The ghost of urechis the Sneak, an average OpFi (D:4)
  An ogre (D:4)
  A giant frog (D:6)
  2 crimson imps
  A giant frog zombie (D:5)
  2 orc priests
  4 hounds
  7 orc wizards
  Robin (D:3)
  5 adders
  A shadow imp (D:5)
  An ooze (D:1)
  2 worms (D:2)
  2 giant geckos
  13 orcs
  6 bats
  A bat skeleton (D:4)
  2 giant cockroaches
  7 hobgoblins
  8 jackals
  11 kobolds
  A ball python (D:3)
  A giant gecko skeleton (D:6)
  5 giant newts
  17 goblins
  8 rats
112 creatures vanquished.

Notes
Turn   | Place    | Note
--------------------------------------------------------------
     0 | D:1      | urechis the Troll Monk began the quest for the Orb.
     0 | D:1      | Reached XP level 1. HP: 22/22 MP: 0/0
    53 | D:1      | Found a shattered altar of Ashenzari.
   557 | D:1      | Reached XP level 2. HP: 29/29 MP: 1/1
   740 | D:2      | You fall through a shaft for 2 floors!
   777 | D:4      | Reached skill level 5 in Unarmed Combat
   777 | D:4      | Reached XP level 3. HP: 29/36 MP: 2/2
   931 | D:3      | Noticed Sigmund
   934 | D:3      | Killed Sigmund
   934 | D:3      | Reached skill level 7 in Unarmed Combat
   934 | D:3      | Reached XP level 4. HP: 37/44 MP: 3/3
   934 | D:3      | Reached XP level 5. HP: 42/50 MP: 4/4
  1083 | D:3      | Found a sparkling altar of Nemelex Xobeh.
  1228 | D:3      | Noticed Robin
  1234 | D:3      | Killed Robin
  1639 | D:2      | Reached XP level 6. HP: 59/59 MP: 5/5
  2214 | D:4      | Noticed an ogre
  2219 | D:4      | Killed an ogre
  2263 | D:4      | Noticed urechis's ghost (average OpFi)
  2275 | D:4      | Killed urechis's ghost
  2275 | D:4      | Reached skill level 8 in Unarmed Combat
  2368 | D:4      | Found a sacrificial altar of Ru.
  2376 | D:4      | Became a worshipper of Ru the Awakened
  2385 | D:4      | Gained mutation: You cannot be stealthy. [Ru sacrifice]
  2389 | D:4      | Reached XP level 7. HP: 62/66 MP: 6/6
  3025 | D:5      | Entered Level 5 of the Dungeon
  3779 | D:5      | Reached skill level 9 in Unarmed Combat
  3834 | D:5      | Got a transparent cloak
  3840 | D:5      | Identified the +1 cloak of the Realm of Zot {*Drain rPois Int+3} (You found it on level 5 of the Dungeon)
  3850 | D:5      | Got a crude lapis lazuli ring
  3851 | D:5      | Identified the ring of Emucwof {rElec rF+ rN+++ EV+3 Int-4} (You found it on level 5 of the Dungeon)
  4193 | D:6      | Reached skill level 10 in Unarmed Combat
  4208 | D:6      | Noticed Oddysee's ghost (experienced NaMo)
  4209 | D:6      | Reached XP level 8. HP: 74/74 MP: 7/7
  4228 | D:6      | HP: 3/74 [orc/war axe of chopping (1)]
  4229 | D:6      | Slain by Oddysee's ghost

Vault maps used:
D:1:      tarquinn_simple_flora_water_d, evilmike_ruin_ashenzari
D:3:      lemuel_coloured_pillars_altar, uniq_sigmund, uniq_robin
D:4:      nicolae_ru_sacrificial_ziggurat, first_bread
D:6:      elyvilon_altar_3, minmay_temple_entry_statues_fountains,
          gup_sewer_entry_spiral, cheibriados_altar_1, uniq_crazy_yiuf_cottage

Action                   |  1- 3 |  4- 6 |  7- 9 || total
-------------------------+-------+-------+-------++-------
Melee: Unarmed           |    71 |   107 |    97 ||   275
Invok: Sacrifice Stealth |       |     1 |       ||     1
 Stab: Sleeping          |     1 |     1 |       ||     2
  Eat: Chunk             |    11 |    15 |    15 ||    41
